 Dungeon Crawl Stone Soup version 0.26-a0-962-g9b92081034 (webtiles) character file.

Game seed: 4719838237403732487

6618 Dyryt the Geomancer (level 11, 0/62 HPs)
             Began as a Gargoyle Earth Elementalist on Dec 2, 2020.
             Was an Elder of Vehumet.
             Splashed by a brown ugly thing's acid (11 damage)
             ... on level 11 of the Dungeon.
             The game lasted 00:41:50 (11262 turns).

Dyryt the Geomancer (Gargoyle Earth Elementalist)  Turns: 11262, Time: 00:41:50

Health: 0/62       AC: 12    Str: 19    XL:     11   Next: 2%
Magic:  14/20      EV: 13    Int: 29    God:    Vehumet [****..]
Gold:   808        SH:  0    Dex:  8    Spells: 13/25 levels left

rFire    . . .     SeeInvis +   m - +5 dagger (vamp)
rCold    . . .     Faith    .   (no shield)
rNeg     + + .     Spirit   .   M - +1 robe of the Frog {rN+ Str+5}
rPois    ∞         Reflect  .   o - +0 helmet {SInv}
rElec    +         Harm     .   (no cloak)
rCorr    .         Rampage  .   (no gloves)
MR       +....                  (no boots)
Stlth    ++........             x - amulet of magic regeneration
HPRegen  0.20/turn              d - +6 ring of intelligence
MPRegen  0.42/turn              v - +6 ring of intelligence

@: no status effects
A: clumsy 1, dopey 1, low mp 1, magic resistance 1, negative energy resistance
1, electricity resistance, strong 1, unbreathing, petrification resistance, rot
immunity, AC +8
a: Renounce Religion


You were on level 11 of the Dungeon.
You worshipped Vehumet.
Vehumet was greatly pleased with you.
You visited 2 branches of the dungeon, and saw 12 of its levels.
You also visited: Sewer and Bailey.

You collected 808 gold pieces.

Inventory:

Hand Weapons
 i - a +0 morningstar
 m - a +5 vampiric dagger (weapon)
 s - a +2 dire flail of holy wrath
 w - a +1 flail of protection
Missiles
 b - 253 stones (quivered)
Armour
 o - a +0 helmet of see invisible (worn)
 M - the +1 robe of the Frog (worn) {rN+ Str+5}
   (You found it on level 10 of the Dungeon)

   It affects your strength (+5).
   It protects you from negative energy.
Magical Staves
 K - an uncursed staff of cold {unknown}
Jewellery
 d - a +6 ring of intelligence (left hand)
 v - a +6 ring of intelligence (right hand)
 x - an amulet of magic regeneration (around neck)
 A - an uncursed ring of resist corrosion
 I - an uncursed ring of fire
Wands
 h - a wand of polymorph (9)
 C - a wand of disintegration (8)
 D - a wand of iceblast (10)
 E - a wand of digging (4)
 L - a wand of enslavement (9)
Scrolls
 a - 2 scrolls of blinking
 e - 3 scrolls of teleportation
 l - 2 scrolls of remove curse
 n - 7 scrolls of magic mapping
 y - a scroll of enchant weapon
 B - a scroll of amnesia
Potions
 f - a potion of flight
 g - 7 potions of curing
 j - 3 potions of cancellation
 k - 3 potions of might
 p - 3 potions of haste {unknown}
 q - 2 potions of attraction {unknown}
 r - 6 potions of brilliance
 t - 3 potions of lignification {unknown}
 u - 8 potions of heal wounds
 z - a potion of resistance {unknown}
 G - 4 potions of magic {unknown}
 H - a potion of experience {unknown}
 J - a potion of degeneration {unknown}
Miscellaneous
 F - a lightning rod (inert)


   Skills:
 + Level 4.4 Fighting
 + Level 3.9 Maces & Flails
 + Level 4.4 Armour
 + Level 3.7 Dodging
 - Level 2.1 Stealth
 + Level 7.7 Spellcasting
 + Level 8.5 Conjurations
 - Level 0.7 Transmutations
 + Level 10.2 Earth Magic
 + Level 2.1 Evocations


You had 13 spell levels left.
You knew the following spells:

 Your Spells              Type           Power        Failure   Level
a - Sandblast             Erth           ######       1%          1
b - Stone Arrow           Conj/Erth      ######       1%          3
c - Lee's Rapid Deconstr  Erth           ######....   1%          5
d - Dazzling Flash        Conj/Hex       #####.       1%          3

Your spell library contained the following spells:

 Spells                   Type           Power        Failure   Level
 Inner Flame              Hex/Fire       ##......     4%          3
 Freeze                   Ice            ##..         1%          1
 Passwall                 Tmut/Erth      #####...     1%          2
 Hailstorm                Conj/Ice       #####...     2%          4
 Frozen Ramparts          Ice            ##....       4%          3
 Petrify                  Tmut/Erth      #####...     4%          4
 Ozocubu's Armour         Ice            ##......     14%         3
 Conjure Ball Lightning   Conj/Air       #####.....   30%         6
 Summon Ice Beast         Ice/Summ       ##......     43%         4
 Summon Lightning Spire   Summ/Air       ##......     43%         4
 Silence                  Hex/Air        ##........   78%         5
 Tornado                  Air            ##........   100%        9


Dungeon Overview and Level Annotations

Branches:
Dungeon (11/15)            Temple (1/1) D:4            Lair (0/6) D:10
  Sewer (visited)          Bailey (visited)
    Orc: D:9-12

Altars:
Ashenzari
Cheibriados
Dithmenos
Elyvilon
Fedhas
Gozag
Hepliaklqana
Kikubaaqudgha
Makhleb
Nemelex Xobeh
Okawaru
Qazlal
Ru
Sif Muna
Trog
Uskayaw
Vehumet
Wu Jian
Xom
Yredelemnul
Zin
The Shining One

Shops:
D:6 =   D:8 *   D:9 :


Innate Abilities, Weirdness & Mutations

You are resistant to torment.
Your stone body is resilient. (AC +8)
You are immune to poison.
You resist negative energy. (rN+)
You are resistant to electric shocks. (rElec)
You can survive without breathing.
You are immune to petrification.
You are immune to rotting.
You are clumsy. (Dex -2)
You are dopey. (Int -2)
Your magical capacity is low. (-10% MP)
You are resistant to hostile enchantments. (MR+)
Your muscles are strong. (Str +2)


Message History

Unknown command.
Unknown command.
Unknown command.
Unknown command.
Unknown command.
Unknown command.
Unknown command.
Unknown command.
Casting: Lee's Rapid Deconstruction (dangerous; 1% risk of failure)
Confirm with . or Enter, or press ? or * to list all spells.
Aiming: Lee's Rapid Deconstruction (dangerous; 1% risk of failure)
Press: ? - help, Dir - move target A rock wall.
The wall shatters!
The blast of rock fragments hits the brown ugly thing!!
The brown ugly thing is severely wounded.
The brown ugly thing punches you!
* * * LOW HITPOINT WARNING * * *
You are splashed with acid!
You die...

#..## ##..# # ##.## .#
#..# #.# ######'####
#####.# #.........#
#.....# #.........#
#..(..#
+.........#####(....###
#.......(.'(@u#(....'..
#.........###))†....###
#######+### ###.....#
###+###


You could see a brown ugly thing.

Vanquished Creatures
  Pikel (D:8)
  Maggie (D:7)
  Grinder (D:3)
  A hornet (D:11)
  8 yaks (D:10)
  Menkaure (D:4)
  Edmund (D:6)
  6 orc warriors
  A water moccasin (D:8)
  3 ice beasts
  A sky beast (D:8)
  7 ogres
  A phantom (D:7)
  2 centaurs
  A necrophage (D:10)
  A lemure (D:8)
  A big kobold (D:11)
  A bullfrog (D:8)
  A gnoll sergeant (D:8)
  A scorpion (D:7)
  4 wights (D:9)
  4 killer bees (D:8)
  A crimson imp (D:5)
  3 bullfrog zombies
  3 hounds
  A jelly (D:8)
  A quasit (D:10)
  6 orc priests
  7 orc wizards
  A centaur skeleton (D:7)
  2 iguanas
  Terence (D:3)
  6 worker ants
  3 hound skeletons
  12 adders
  20 gnolls
  8 river rats (Sewer)
  A shadow imp (D:5)
  A white imp (D:7)
  2 ufetubi
  2 oozes
  An adder zombie (D:9)
  2 worms
  3 dart slugs
  5 leopard geckos
  43 orcs
  8 bats
  8 giant cockroaches
  12 goblins
  14 hobgoblins
  11 jackals
  43 kobolds
  5 quokkas
  7 ball pythons
  8 frilled lizards
  A goblin skeleton (D:5)
  2 goblin zombies (D:5)
  3 hobgoblin zombies (D:5)
  A kobold skeleton (D:5)
  A kobold zombie (D:5)
  2 orc skeletons (D:5)
  An orc zombie (D:5)
  21 rats
332 creatures vanquished.

Notes
Turn   | Place    | Note
-------+----------+-------------------------------------------
     0 | D:1      | Dyryt the Gargoyle Earth Elementalist began the quest for
                  | the Orb.
     0 | D:1      | Reached XP level 1. HP: 10/10 MP: 3/3
    73 | D:1      | Reached skill level 4 in Earth Magic
    73 | D:1      | Reached XP level 2. HP: 10/15 MP: 3/5
   545 | D:1      | Reached XP level 3. HP: 14/19 MP: 3/6
   549 | D:1      | Learned a level 3 spell: Stone Arrow
  1610 | D:2      | Reached skill level 1 in Conjurations
  2125 | D:3      | Gained mutation: Your body sometimes deteriorates upon
                  | taking damage. [potion of mutation]
  2125 | D:3      | Gained mutation: Your mind is acute. (Int +2) [potion of
                  | mutation]
  2204 | D:3      | Reached XP level 4. HP: 17/24 MP: 8/8
  2445 | D:3      | Found a sparkling altar of Nemelex Xobeh.
  2533 | D:3      | Noticed an ogre
  2537 | D:3      | Killed an ogre
  2538 | D:3      | Reached skill level 5 in Earth Magic
  2538 | D:3      | Reached XP level 5. HP: 13/28 MP: 5/10
  2550 | D:3      | Learned a level 5 spell: Lee's Rapid Deconstruction
  2703 | D:3      | Noticed Grinder
  2727 | D:3      | Killed Grinder
  2728 | D:3      | Reached skill level 6 in Earth Magic
  2728 | D:3      | Reached XP level 6. HP: 29/32 MP: 6/12
  2800 | D:3      | Noticed Terence
  2805 | D:3      | Killed Terence
  2916 | D:3      | Reached XP level 7. HP: 35/36 MP: 11/13
  3053 | D:3      | Found a white marble altar of Elyvilon.
  3393 | D:4      | Noticed Menkaure
  3397 | D:4      | Killed Menkaure
  3488 | D:4      | Reached skill level 7 in Earth Magic
  3838 | D:4      | Reached skill level 5 in Spellcasting
  3838 | D:4      | Reached skill level 5 in Conjurations
  3838 | D:4      | Reached XP level 8. HP: 22/41 MP: 7/15
  4147 | D:4      | You fall into a shaft and drop 3 floors!
  4248 | D:6      | Found Weuf's Jewellery Boutique.
  4320 | D:6      | Noticed Edmund
  4371 | D:6      | Found a glowing drain.
  4385 | Sewer    | Entered a sewer
  5098 | D:6      | Killed Edmund
  5099 | D:6      | Reached skill level 8 in Earth Magic
  5236 | D:5      | Entered Level 5 of the Dungeon
  5737 | D:4      | Found a staircase to the Ecumenical Temple.
  6104 | Temple   | Entered the Ecumenical Temple
  6173 | Temple   | Became a worshipper of Vehumet
  6200 | D:5      | Found a glowing golden altar of the Shining One.
  6476 | D:5      | Found a stormy altar of Qazlal.
  6929 | D:6      | Reached XP level 9. HP: 25/45 MP: 0/18
  7249 | D:7      | Noticed Maggie
  7258 | D:7      | Killed Maggie
  7259 | D:7      | Reached skill level 9 in Earth Magic
  7451 | D:7      | Reached skill level 1 in Armour
  7504 | D:7      | Reached skill level 1 in Fighting
  7508 | D:7      | Reached * piety under Vehumet
  7508 | D:7      | Offered knowledge of Shock by Vehumet.
  7530 | D:7      | Reached skill level 1 in Maces & Flails
  8167 | D:7      | Found a hide-covered altar of Uskayaw.
  8333 | D:8      | Found a blossoming altar of Fedhas.
  8421 | D:8      | Got a fine buckler
  8427 | D:8      | Identified the cursed -6 buckler of Dice, Bag, and Bottle
                  | {Slay+2} (You found it on level 8 of the Dungeon)
  8627 | D:8      | Found Wunwel's General Store.
  8806 | D:8      | Reached XP level 10. HP: 54/54 MP: 20/20
  9015 | D:8      | Reached ** piety under Vehumet
  9116 | D:8      | Offered knowledge of Searing Ray by Vehumet.
  9259 | D:8      | Noticed Pikel
  9266 | D:8      | Killed Pikel
  9529 | D:9      | Lost mutation: Your body sometimes deteriorates upon taking
                  | damage. [potion of mutation]
  9529 | D:9      | Lost mutation: Your mind is acute. (Int +2) [potion of
                  | mutation]
  9529 | D:9      | Gained mutation: Your magical capacity is low. (-10% MP)
                  | [potion of mutation]
  9529 | D:9      | Gained mutation: Your natural rate of healing is unusually
                  | fast. [potion of mutation]
  9735 | D:9      | Found Asituu's Book Emporium.
 10115 | D:10     | Entered Level 10 of the Dungeon
 10175 | D:10     | Found a flagged portal.
 10186 | D:10     | Offered knowledge of Dazzling Flash by Vehumet.
 10206 | D:10     | Learned a level 3 spell: Dazzling Flash
 10207 | Bailey   | Entered a bailey
 10300 | Bailey   | Reached *** piety under Vehumet
 10380 | Bailey   | Reached skill level 1 in Evocations
 10387 | Bailey   | Offered knowledge of Inner Flame by Vehumet.
 10427 | Bailey   | Lost mutation: Your natural rate of healing is unusually
                  | fast. [potion of mutation]
 10427 | Bailey   | Gained mutation: You are clumsy. (Dex -2) [potion of
                  | mutation]
 10427 | Bailey   | Gained mutation: Your muscles are strong. (Str +2) [potion
                  | of mutation]
 10427 | Bailey   | Gained mutation: You are dopey. (Int -2) [potion of
                  | mutation]
 10427 | Bailey   | Gained mutation: You are resistant to hostile enchantments.
                  | (MR+) [potion of mutation]
 10593 | D:10     | Reached skill level 10 in Earth Magic
 10697 | D:10     | Found a staircase to the Lair.
 11061 | D:10     | Got a crude robe
 11072 | D:10     | Identified the +1 robe of the Frog {rN+ Str+5} (You found
                  | it on level 10 of the Dungeon)
 11248 | D:11     | Noticed a brown ugly thing
 11253 | D:11     | Reached **** piety under Vehumet
 11262 | D:11     | Reached XP level 11. HP: 18/62 MP: 18/20
 11262 | D:11     | Splashed by a brown ugly thing's acid

Illustrated notes

Levels and vault maps discovered:
D:1:      psy_arrival_spokes, layout_rooms
D:2:      minmay_recursive_quarters, layout_basic
D:3:      layout_basic, nemelex_xobeh_ov_fountains_minmay, elyvilon_altar_4,
          uniq_grinder, uniq_terence
D:4:      layout_basic, minmay_temple_entry_from_below_a, uniq_menkaure
D:5:      layout_cave_pools, nicolae_tso_besieged_by_evil,
          small_statue_intersection, nicolae_qazlal_eye_of_the_storm
D:6:      layout_cave_pools, serial_shops, shop, gup_sewer_entry_pipe,
          kb_lookout_dungeons_type, uniq_edmund
D:7:      layout_gridville, eat_drink_and_be_merry_uskayaw, uniq_maggie
D:8:      layout_basic, old_standard_altar, serial_shops, shop, uniq_pikel
D:9:      layout_irregular_city, serial_shops, kennysheep_mini_moat
D:10:     layout_rooms, lair_entry_dummy, enter_bailey_5
D:11:     layout_roguey, gammafunk_ghost_hydra_chop, uniq_nergalle
Temple:   compressed_dpeg_circular_temple

Skill      XL: |  1  2  3  4  5  6  7  8  9 10 |
---------------+-------------------------------+-----
Earth Magic    | 4 5 6 7 8 9 10 | 10.2
Conjurations   | 1 2 3 5 6 7 8 |  8.5
Spellcasting   | 3 4 5 6 7 |  7.7
Armour         | 2 4 |  4.4
Fighting       | 2 4 |  4.4
Maces & Flails | 2 3 |  3.9
Dodging        | 2 3 |  3.7
Evocations     | 2 |  2.1
Stealth        | |  2.1
Transmutations | |  0.7

Action                   |  1- 3 |  4- 6 |  7- 9 | 10-12 || total
-------------------------+-------+-------+-------+-------++-------
Melee: Dagger            |   146 |    58 |   393 |   206 ||   803
       Unarmed           |     1 |       |       |       ||     1
 Cast: Sandblast         |    15 |    11 |   106 |    18 ||   150
       Stone Arrow       |       |     2 |    12 |    10 ||    24
       Lee's Rapid Decon |       |       |     7 |    23 ||    30
Evoke: Lightning rod     |       |       |       |     4 ||     4
  Use: Scroll            |     9 |       |    10 |     1 ||    20
       Potion            |     1 |       |     6 |     2 ||     9
 Stab: Sleeping          |       |       |     2 |       ||     2
       Distracted        |       |       |     1 |       ||     1
Armor: Robe              |    48 |    13 |   221 |   117 ||   399
Dodge: Dodged            |    95 |    44 |   322 |   206 ||   667

Table legend: (Time is in decaauts)
 A = Elapsed time spent in this place.
 B = Non-inter-level travel time spent in this place.
 C = Inter-level travel time spent in this place.
 D = Time resting spent in this place.
 E = Time spent auto-exploring this place.
 F = Levels seen in this place.
 G = Mean time per level.
                   A        B        C        D        E       F      G
               +--------+--------+--------+--------+--------+-----+--------+
         Total |  11277 |  10983 |    294 |   1490 |   6873 |  14 |  805.5 |
       Dungeon |  10175 |   9890 |    285 |   1260 |   6580 |  11 |  925.0 |
        Temple |     78 |     69 |      9 |      0 |     48 |   1 |   78.0 |
         Sewer |    712 |    712 |      0 |    197 |    108 |   1 |  712.0 |
        Bailey |    310 |    310 |      0 |     33 |    137 |   1 |  310.0 |
               +--------+--------+--------+--------+--------+-----+--------+

Top non-repeatable levels by time:
     D:4: 1411 daAuts
     D:3: 1243 daAuts
     D:2: 1207 daAuts
     D:6: 1089 daAuts
     D:8: 1058 daAuts
     D:1: 908 daAuts
     D:7: 820 daAuts
     D:5: 800 daAuts
     D:9: 798 daAuts
    D:10: 753 daAuts
   Sewer: 712 daAuts
  Bailey: 310 daAuts
    D:11: 82 daAuts
  Temple: 78 daAuts
